 Dungeon Crawl Stone Soup version 0.19.0-24-gb05acd6 (webtiles) character file.

6230 grisgris the Geomancer (level 10, -18/54 HPs)
             Began as a Gargoyle Earth Elementalist on Nov 21, 2016.
             Was an Elder of Vehumet.
             Demolished by a hill giant
             ... wielding a +0 giant spiked club
              (30 damage)
             ... on level 10 of the Dungeon.
             The game lasted 00:55:49 (14624 turns).

grisgris the Geomancer (GrEE)                      Turns: 14624, Time: 00:55:50

Health: -18/54     AC: 13    Str: 13    XL:     10   Next: 92%
Magic:  9/22       EV: 13    Int: 18    God:    Vehumet [****..]
Gold:   377        SH:  0    Dex: 10    Spells: 7 memorised, 4 levels left

rFire  . . .     SeeInvis .     r - +2 short sword (vamp)
rCold  . . .     Gourm    +     c - +0 robe
rNeg   + . .     Faith    .     (no shield)
rPois  ∞         Spirit   .     l - +2 helmet
rElec  +         Reflect  .     k - +0 cloak
rCorr  .         Harm     .     (no gloves)
MR     .....                    (no boots)
Stlth  ++++......               E - amulet of the gourmand
                                D - ring of stealth
                                w - ring of wizardry

@: no status effects
A: negative energy resistance 1, electricity resistance, unbreathing,
petrification resistance, rot immunity, AC +7
a: Renounce Religion


You were on level 10 of the Dungeon.
You worshipped Vehumet.
Vehumet was greatly pleased with you.
You were full.

You visited 2 branches of the dungeon, and saw 11 of its levels.
You also visited: Sewer.

You collected 473 gold pieces.
You spent 96 gold pieces at shops.

Inventory:

Hand Weapons
 r - a +2 vampiric short sword (weapon)
Missiles
 b - 220 stones (quivered)
Armour
 c - a +0 robe (worn)
 k - a +0 cloak (worn)
 l - a +2 helmet (worn)
Jewellery
 t - a cursed ring of teleportation {unknown}
 v - a +3 ring of protection
 w - a ring of wizardry (left hand)
 D - a ring of stealth (right hand)
 E - an amulet of the gourmand (around neck)
 G - an uncursed ring of poison resistance {unknown}
 H - a +4 ring of protection
Wands
 a - a wand of flame (14/48)
 y - a wand of polymorph (15/24)
 F - a wand of lightning (6/15)
Scrolls
 g - 3 scrolls of fog
 o - 5 scrolls of remove curse
 s - 4 scrolls of teleportation
 J - a scroll of identify
Potions
 f - a potion of cancellation
 h - 5 potions of flight
 i - a potion of beneficial mutation {unknown}
 m - 11 potions of curing
 p - 3 potions of might
 q - a potion of berserk rage {unknown}
 u - a potion of brilliance {unknown}
 x - 2 potions of agility
 A - a potion of degeneration {unknown}
 C - 3 potions of mutation {unknown}
 I - a potion of cure mutation {unknown}
Books
 e - a book of Geomancy

   Spells                             Type                      Level
   a - Sandblast                      Earth                        1
   b - Passwall                       Transmutation/Earth          2
   c - Stone Arrow                    Conjuration/Earth            3
   d - Petrify                        Transmutation/Earth          4
   e - Lee's Rapid Deconstruction     Earth                        5
 j - a book of Misfortune

   Spells                             Type                      Level
   a - Confusing Touch                Hexes                        1
   b - Confuse                        Hexes                        3
   c - Gell's Gravitas                Hexes/Translocation          3
   d - Petrify                        Transmutation/Earth          4
   e - Metabolic Englaciation         Hexes/Ice                    5
   f - Yara's Violent Unravelling     Hexes/Transmutation          5
 B - a book of Party Tricks

   Spells                             Type                      Level
   a - Summon Butterflies             Summoning                    1
   b - Apportation                    Translocation                1
   c - Lesser Beckoning               Translocation                3
   d - Tukima's Dance                 Hexes                        3
   e - Alistair's Intoxication        Transmutation/Poison         5
   f - Invisibility                   Hexes                        6
Comestibles
 d - 7 bread rations
 n - 5 meat rations
 z - a slice of pizza
 K - a royal jelly


   Skills:
 + Level 2.4 Fighting
 + Level 3.6 Short Blades
 + Level 0.5 Throwing
 + Level 4.8 Dodging
 + Level 5.4 Stealth
 + Level 8.7 Spellcasting
 + Level 5.0 Conjurations
 + Level 1.2 Transmutations
 + Level 1.0 Fire Magic
 + Level 11.0 Earth Magic


You had 4 spell levels left.
You knew the following spells:

 Your Spells              Type           Power        Failure   Level  Hunger
a - Stone Arrow           Conj/Erth      #####.       1%          3    None
b - Sandblast             Erth           #####.       1%          1    None
c - Petrify               Tmut/Erth      ####....     4%          4    ###....
d - Lee's Rapid Deconstr  Erth           #####.....   1%          5    #####..
e - Passwall              Tmut/Erth      ####......   1%          2    None
f - Throw Flame           Conj/Fire      ###...       1%          2    None
g - Bolt of Magma         Conj/Fire/Erth ####......   3%          5    #####..


Dungeon Overview and Level Annotations

Branches:
Dungeon (10/15)            Temple (1/1) D:4
   Lair: D:8-11         Orc: D:9-12

Altars:
Ashenzari
Cheibriados
Dithmenos
Elyvilon
Fedhas
Gozag
Hepliaklqana
Kikubaaqudgha
Makhleb
Nemelex Xobeh
Okawaru
Qazlal
Ru
Sif Muna
Trog
Uskayaw
Vehumet
Xom
Yredelemnul
Zin
The Shining One

Shops:
D:7 *


Innate Abilities, Weirdness & Mutations

You are resistant to torment.
Your stone body is resilient. (AC +7)
You are immune to poison.
You resist negative energy. (rN+)
You are resistant to electric shocks. (rElec)
You can survive without breathing.
You are immune to petrification.
You are immune to rotting.


Message History

The blast of rock fragments hits the hill giant.
The hill giant is moderately wounded.
You hear a shout!
Casting: Lee's Rapid Deconstruction
Confirm with . or Enter, or press ? or * to list all spells.
Aiming: Stone Arrow
Press: ? - help, Shift-Dir - straight line The stone arrow hits the hill giant.
The hill giant is severely wounded.
The hill giant hits you with a giant spiked club!!
* * * LOW HITPOINT WARNING * * *
Casting: Stone Arrow
Confirm with . or Enter, or press ? or * to list all spells.
Aiming: Bolt of Magma
Press: ? - help, Shift-Dir - straight line The bolt of magma hits the hill giant.
The hill giant is almost dead.
The hill giant hits you with a giant spiked club!!
Ouch! That really hurt!
You die...

..... +..+ #
.....#####..#### .#
...............#+##.+
........$...........#
#.................#
#.........$.......#
#.................#
#...............###
#.####.C@..<....# ..
#..........# ..
#............# .
#$....########
#######


You could see a hill giant.

Vanquished Creatures
  Pikel (D:8)
  Joseph (D:8)
  Prince Ribbit (D:6)
  A troll (D:9)
  A two-headed ogre (D:9)
  A hippogriff (D:7)
  Sigmund (D:2)
  Eustachio (D:5)
  Duvessa (D:5)
  A slave (D:8)
  A water moccasin (D:6)
  A sky beast (D:6)
  3 orc warriors
  3 ice beasts
  4 ogres
  4 phantoms
  2 centaurs
  3 bullfrogs
  Dowan (D:5)
  10 killer bees
  A scorpion (D:8)
  4 wights (D:9)
  5 howler monkeys
  A vampire bat (D:2)
  2 electric eels (D:8)
  4 crimson imps
  5 orc priests
  4 hounds
  A jelly (D:5)
  Crazy Yiuf (D:7)
  A bullfrog skeleton (D:4)
  8 orc wizards
  5 iguanas
  4 worker ants
  A killer bee zombie (D:6)
  2 hound zombies
  2 hound skeletons (D:5)
  A howler monkey zombie (D:9)
  A worker ant zombie (D:7)
  8 gnolls
  14 adders
  2 river rats (Sewer)
  7 shadow imps
  An ooze (D:2)
  2 adder skeletons
  4 worms
  A dart slug (D:1)
  7 leopard geckos
  23 orcs
  2 bat skeletons (D:2)
  3 bat zombies (D:2)
  5 giant cockroaches
  11 goblins
  5 hobgoblins
  17 jackals
  5 quokkas
  4 ball pythons (Sewer)
  5 bats
  6 frilled lizards
  23 kobolds
  A quokka skeleton (D:4)
  32 rats
283 creatures vanquished.

Vanquished Creatures (others)
  A hound (D:8)
1 creature vanquished.

Grand Total: 284 creatures vanquished

Notes
Turn   | Place    | Note
-------+----------+-------------------------------------------
     0 | D:1      | grisgris the Gargoyle Earth Elementalist began the quest for the Orb.
     0 | D:1      | Reached XP level 1. HP: 10/10 MP: 3/3
   184 | D:1      | Reached skill level 4 in Earth Magic
   224 | D:1      | Reached XP level 2. HP: 10/15 MP: 1/5
  1071 | D:1      | Reached XP level 3. HP: 11/19 MP: 1/6
  1076 | D:1      | Learned a level 3 spell: Stone Arrow
  1669 | D:2      | Found a glowing golden altar of the Shining One.
  1819 | D:2      | Reached XP level 4. HP: 18/24 MP: 0/7
  1942 | D:2      | Learned a level 4 spell: Petrify
  1950 | D:2      | Noticed Sigmund
  1967 | D:2      | Killed Sigmund
  1967 | D:2      | Reached skill level 1 in Conjurations
  1967 | D:2      | Reached skill level 5 in Earth Magic
  1967 | D:2      | Reached XP level 5. HP: 13/28 MP: 0/10
  1967 | D:2      | Reached XP level 6. HP: 16/33 MP: 0/11
  2105 | D:2      | Reached skill level 1 in Short Blades
  2362 | D:2      | Found a sparkling altar of Nemelex Xobeh.
  3230 | D:2      | Found an ancient bone altar of Kikubaaqudgha.
  3478 | D:3      | Found a faded altar of an unknown god.
  4341 | D:3      | Found a faded altar of an unknown god.
  4341 | D:3      | Found a radiant altar of Vehumet.
  4346 | D:3      | Found a blossoming altar of Fedhas.
  4348 | D:3      | Found a bloodstained altar of Trog.
  4350 | D:3      | Found a shadowy altar of Dithmenos.
  4701 | D:4      | Reached XP level 7. HP: 37/37 MP: 9/12
  4921 | D:4      | Reached skill level 6 in Earth Magic
  5120 | D:4      | Found a hazy altar of Hepliaklqana.
  5508 | D:4      | Reached skill level 1 in Fighting
  5565 | D:4      | Found a hide-covered altar of Uskayaw.
  5874 | D:4      | Found a staircase to the Ecumenical Temple.
  5881 | Temple   | Entered the Ecumenical Temple
  6022 | D:3      | Became a worshipper of Vehumet
  6151 | D:4      | Reached XP level 8. HP: 43/43 MP: 1/15
  6522 | D:4      | Reached skill level 5 in Spellcasting
  6527 | D:5      | Entered Level 5 of the Dungeon
  6527 | D:5      | Noticed Duvessa
  6527 | D:5      | Noticed Dowan
  6715 | D:4      | Learned a level 5 spell: Lee's Rapid Deconstruction
  6718 | D:4      | Learned a level 2 spell: Passwall
  6772 | D:5      | Found a glowing drain.
  6779 | Sewer    | Entered a sewer
  6971 | Sewer    | Reached * piety under Vehumet
  6971 | Sewer    | Offered knowledge of Flame Tongue by Vehumet.
  7538 | D:5      | Offered knowledge of Throw Flame by Vehumet.
  7550 | D:5      | Learned a level 2 spell: Throw Flame
  7633 | D:5      | Killed Duvessa
  7633 | D:5      | Reached skill level 7 in Earth Magic
  7796 | D:5      | Killed Dowan
  7796 | D:5      | Reached ** piety under Vehumet
  8628 | D:5      | Found a burning altar of Makhleb.
  8676 | D:5      | Noticed Eustachio
  8715 | D:5      | Killed Eustachio
  8715 | D:5      | Reached XP level 9. HP: 31/48 MP: 2/18
  9221 | D:6      | Found a snail-covered altar of Cheibriados.
  9332 | D:6      | Reached skill level 8 in Earth Magic
 10466 | D:6      | Noticed Prince Ribbit
 10476 | D:6      | Killed Prince Ribbit
 10489 | D:6      | Reached skill level 1 in Transmutations
 10879 | D:6      | Offered knowledge of Throw Frost by Vehumet.
 11143 | D:7      | Found Batiut's General Store.
 11151 | D:7      | Reached skill level 9 in Earth Magic
 11266 | D:7      | Bought a potion of flight for 36 gold pieces
 11266 | D:7      | Bought a potion of heal wounds for 60 gold pieces
 11330 | D:7      | Reached *** piety under Vehumet
 11373 | D:7      | Reached XP level 10. HP: 53/53 MP: 9/21
 11821 | D:7      | Found a runed door.
 11825 | D:7      | Noticed Crazy Yiuf
 11827 | D:7      | Killed Crazy Yiuf
 12319 | D:8      | Noticed Pikel
 12324 | D:8      | Noticed Joseph
 12325 | D:8      | Killed Pikel
 12325 | D:8      | Offered knowledge of Inner Flame by Vehumet.
 12325 | D:8      | Reached skill level 5 in Stealth
 12500 | D:9      | Reached skill level 10 in Earth Magic
 13193 | D:9      | Reached **** piety under Vehumet
 13389 | D:9      | Offered knowledge of Bolt of Magma by Vehumet.
 13397 | D:9      | Learned a level 5 spell: Bolt of Magma
 13749 | D:8      | Killed Joseph
 13749 | D:8      | Reached skill level 5 in Conjurations
 13942 | D:8      | Reached skill level 1 in Fire Magic
 14129 | D:8      | Found a burning altar of Makhleb.
 14232 | D:8      | Reached skill level 11 in Earth Magic
 14607 | D:10     | Entered Level 10 of the Dungeon
 14613 | D:10     | Noticed a hill giant
 14624 | D:10     | Demolished by a hill giant

Skill      XL: |  1  2  3  4  5  6  7  8  9 10 |
---------------+-------------------------------+-----
Earth Magic    | 4 5 6 7 9 11 | 11.0
Dodging        | 2 3 4 |  4.8
Spellcasting   | 3 4 6 7 8 |  8.7
Conjurations   | 1 2 3 4 5 |  5.0
Short Blades   | 1 2 3 |  3.6
Stealth        | 3 4 5 |  5.4
Fighting       | 1 2 |  2.4
Transmutations | 1 |  1.2
Fire Magic     | 1 |  1.0
Throwing       | |  0.5

Action                   |  1- 3 |  4- 6 |  7- 9 | 10-12 || total
-------------------------+-------+-------+-------+-------++-------
Melee: Unarmed           |    11 |       |       |       ||    11
       Club              |    18 |       |       |       ||    18
       Dagger            |     7 |    56 |    19 |       ||    82
       Short sword       |       |       |   204 |   108 ||   312
Throw: Stone             |    15 |       |       |       ||    15
 Cast: Sandblast         |    48 |    20 |    64 |    53 ||   185
       Stone Arrow       |     7 |    50 |   111 |    52 ||   220
       Lee's Rapid Decon |       |       |    13 |    21 ||    34
       Petrify           |       |       |     5 |     1 ||     6
       Throw Flame       |       |       |     1 |     1 ||     2
       Bolt of Magma     |       |       |       |    10 ||    10
  Use: Scroll            |     4 |     6 |     7 |     2 ||    19
       Potion            |       |     1 |     3 |     3 ||     7
 Stab: Sleeping          |       |    10 |     6 |     5 ||    21
  Eat: Chunk             |     4 |    14 |    20 |    25 ||    63
       Fruit             |       |       |     4 |       ||     4
       Meat ration       |       |       |     2 |       ||     2
       Bread ration      |       |       |     1 |       ||     1
Armor: Robe              |    33 |    35 |   223 |   102 ||   393
Dodge: Dodged            |    68 |    57 |   307 |   169 ||   601
